 Dungeon Crawl Stone Soup version 0.26.1-11-gd32895ea62 (webtiles) character file.

Game seed: 14644558760272546845

1367 buriedalive the Frost Mage (level 8, -3/41 HPs)
             Began as a Deep Elf Ice Elementalist on June 29, 2021.
             Was a Believer of Okawaru.
             Slain by an ice beast (12 damage)
             ... on level 5 of the Dungeon on June 30, 2021.
             The game lasted 00:14:19 (6705 turns).

buriedalive the Frost Mage (DEIE)                   Turns: 6705, Time: 00:14:20

Health: -3/41      AC: 20    Str:  5    XL:     8   Next: 38%
Magic:  14/14      EV: 18    Int: 23    God:    Okawaru [**....]
Gold:   225        SH:  0    Dex: 15    Spells: 2/13 levels left

rFire    . . .     SeeInvis .   t - +4 dagger (protect)
rCold    . . .     Faith    .   (no shield)
rNeg     + . .     Spirit   .   n - +0 robe {rN+}
rPois    .         Reflect  .   j - +0 helmet
rElec    .         Harm     .   r - +1 cloak
rCorr    .         Rampage  .   (no gloves)
Will     .....                  (no boots)
Stlth    ++........             d - amulet of magic regeneration
HPRegen  0.13/turn              (no ring)
MPRegen  0.39/turn              (no ring)

@: icy armour, protection aura
A: no striking features
a: Renounce Religion, Heroism


You were on level 5 of the Dungeon.
You worshipped Okawaru.
Okawaru was pleased with you.
You visited 1 branch of the dungeon, and saw 7 of its levels.

You collected 225 gold pieces.

Inventory:

Hand Weapons
 b - a +1 dagger
 t - a +4 dagger of protection (weapon)
Missiles
 a - 15 poisoned darts (quivered)
 c - 143 stones
 i - 13 atropa-tipped darts
Armour
 j - a +0 helmet (worn)
 k - a +0 robe of cold resistance
 n - a +0 robe of positive energy (worn)
 r - a +1 cloak (worn)
Jewellery
 d - an amulet of magic regeneration (around neck)
Wands
 h - a wand of polymorph (12)
 v - a wand of flame (13)
 w - a wand of iceblast (7)
Scrolls
 e - a scroll of enchant weapon
 m - 4 scrolls of random uselessness {unknown}
 o - a scroll of remove curse {unknown}
 p - 2 scrolls of enchant armour {unknown}
 q - 3 scrolls of teleportation
 u - a scroll of fear {unknown}
Potions
 f - 4 potions of curing
 g - 2 potions of attraction
 l - a potion of lignification
 s - a potion of cancellation {unknown}
 x - a potion of flight


   Skills:
 + Level 8.7 Dodging
 - Level 2.4 Stealth
 - Level 3.0 Spellcasting
 + Level 2.6 Summonings
 + Level 8.9 Ice Magic


You had 2 spell levels left.
You knew the following spells:

 Your Spells              Type           Power        Failure   Level
a - Freeze                Ice            100%         1%          1
b - Frozen Ramparts       Ice            88%          1%          3
c - Ozocubu's Armour      Ice            44%          1%          3
d - Summon Ice Beast      Ice/Summ       30%          11%         4

Your spell library contained the following spells:

 Spells                   Type           Power        Failure   Level
 Ensorcelled Hibernation  Hex/Ice        48%          2%          2
 Corona                   Hex            3%           12%         1
 Hailstorm                Conj/Ice       24%          19%         4
 Confusing Touch          Hex            3%           34%         3
 Dazzling Flash           Conj/Hex       6%           34%         3
 Tukima's Dance           Hex            3%           34%         3


Dungeon Overview and Level Annotations

Branches:
Dungeon (7/15)             Temple (0/1) D:7

Altars:
Cheibriados
Gozag
Okawaru
Qazlal
Sif Muna
Uskayaw
Yredelemnul
Zin


Message History

The ice beast is severely wounded.
The ice beast misses you.
You barely miss the ice beast.
The ice beast is severely wounded.
The ice beast barely misses you.
You hit the ice beast but do no damage.
The ice beast is severely wounded.
The ice beast closely misses you.
You hit the ice beast but do no damage.
The ice beast is severely wounded.
The ice beast hits you but does no damage.
You hit the ice beast.
The ice beast is severely wounded.
The ice beast completely misses you.
You barely miss the ice beast.
The ice beast is severely wounded.
The ice beast hits you.
* * * LOW HITPOINT WARNING * * *
The ice beast freezes you!
You die...

....... .. ....... #.
....... .. ....... #.
....... # #. .....#
#.#.###...###.
#....@Y.......
####.##..###.) #.#<#.#
#.#.#.# ). #..รท#.# #.
#.. ##..#.# #..# ...
#####..#.# #..## ##.#
#......#.###...##+#...
#.####.#.#............


You could see an ice beast.

Vanquished Creatures
  Menkaure (D:7)
  An orc warrior (D:7)
  A sky beast (D:6)
  A black bear (D:6)
  3 phantoms
  An ogre (D:7)
  A centaur (D:6)
  A water moccasin skeleton (D:7)
  2 howler monkeys (D:4)
  A quasit (D:7)
  Terence (D:2)
  Jessica (D:3)
  2 orc wizards (D:7)
  Robin (D:2)
  A mummy (D:6)
  9 adders
  2 gnolls (D:2)
  2 oozes (D:1)
  An adder skeleton (D:7)
  2 worms
  2 dart slugs (D:1)
  2 leopard geckos
  11 orcs
  2 ball pythons
  14 bats
  10 giant cockroaches
  20 goblins
  9 hobgoblins
  8 jackals
  3 quokkas
  A ball python skeleton (D:4)
  7 frilled lizards
  14 kobolds
  8 rats
146 creatures vanquished.

Notes
Turn   | Place    | Note
-------+----------+-------------------------------------------
     0 | D:1      | buriedalive the Deep Elf Ice Elementalist began the quest
                  | for the Orb.
     0 | D:1      | Reached XP level 1. HP: 10/10 MP: 6/6
   363 | D:1      | Reached XP level 2. HP: 15/15 MP: 2/8
  1094 | D:1      | Reached skill level 5 in Ice Magic
  1094 | D:1      | Reached XP level 3. HP: 15/19 MP: 9/9
  1560 | D:2      | Noticed Terence
  1569 | D:2      | Killed Terence
  1946 | D:2      | Reached XP level 4. HP: 24/24 MP: 8/10
  1950 | D:2      | Learned a level 3 spell: Frozen Ramparts
  1954 | D:2      | Learned a level 3 spell: Ozocubu's Armour
  2058 | D:2      | Found a stormy altar of Qazlal.
  2423 | D:2      | Noticed Robin
  2432 | D:2      | Killed Robin
  2457 | D:2      | Reached XP level 5. HP: 16/28 MP: 2/11
  2639 | D:2      | Reached skill level 5 in Dodging
  3437 | D:3      | Noticed Jessica
  3447 | D:3      | Killed Jessica
  4061 | D:3      | Found an iron altar of Okawaru.
  4074 | D:3      | Reached XP level 6. HP: 29/32 MP: 12/12
  4082 | D:3      | Became a worshipper of Warmaster Okawaru
  4147 | D:3      | Found a shimmering blue altar of Sif Muna.
  4260 | D:3      | Found a glowing silver altar of Zin.
  4891 | D:4      | You fall into a shaft and drop 3 floors!
  4891 | D:7      | Found a staircase to the Ecumenical Temple.
  4892 | D:7      | Noticed an orc warrior
  4910 | D:7      | Killed an orc warrior
  4910 | D:7      | Reached * piety under Okawaru
  4911 | D:7      | Reached XP level 7. HP: 16/36 MP: 8/13
  5341 | D:7      | Found an opulent altar of Gozag.
  5395 | D:7      | Found a basalt altar of Yredelemnul.
  5405 | D:7      | Noticed Menkaure
  5422 | D:7      | Killed Menkaure
  5761 | D:7      | Learned a level 4 spell: Summon Ice Beast
  5778 | D:6      | Found a snail-covered altar of Cheibriados.
  5783 | D:6      | Noticed a +0 dagger
  5783 | D:6      | Noticed a +0 hand axe
  5784 | D:6      | Found a hide-covered altar of Uskayaw.
  5793 | D:6      | Reached skill level 1 in Summonings
  5793 | D:6      | Reached XP level 8. HP: 33/41 MP: 6/14
  5793 | D:6      | Reached ** piety under Okawaru
  5896 | D:5      | Entered Level 5 of the Dungeon
  6705 | D:5      | Slain by an ice beast

Illustrated notes

Levels and vault maps discovered:
D:1:      dpeg_arrival_subterranean_lakeside_camping, layout_loops_ring
D:2:      minmay_recursive_quarters, layout_basic,
          nicolae_qazlal_general_emergency, serial_glass, glass_columns_c,
          glass_columns_a, glass_columns_a, glass_columns_a, uniq_terence,
          uniq_robin
D:3:      layout_rooms, kennysheep_okawaru_gauntlet,
          lemuel_coloured_pillars_altar, grunt_decor_fettered, led_sif_pool,
          uniq_jessica
D:4:      layout_basic
D:5:      layout_basic, pdpol_wu_jian_five_deadly_venoms, serial_shops,
          nicolae_shop_statue_plus
D:6:      layout_rooms, kennysheep_little_box, dancing_weapons_uskayaw,
          slow_altar_1
D:7:      layout_rooms, lemuel_crystal_altar, grunt_gozag_breadcrumbs,
          lemuel_doored_altar, minmay_temple_entry_mist, serial_rivers,
          chequers_serial_rivers_micro_c, chequers_serial_rivers_small_3,
          chequers_serial_rivers_small_b, chequers_serial_rivers_small_3,
          uniq_menkaure

Skill      XL: |  1  2  3  4  5  6  7  8 |
---------------+-------------------------+-----
Dodging        | 3 4 5 7 8 |  8.7
Ice Magic      | 5 6 7 8 |  8.9
Summonings     | 1 2 |  2.6
Stealth        | |  2.4
Spellcasting   | |  3.0

Action                   |  1- 3 |  4- 6 |  7- 9 || total
-------------------------+-------+-------+-------++-------
Melee: Dagger            |    32 |   114 |   173 ||   319
Throw: Dart              |       |     9 |       ||     9
 Cast: Freeze            |    32 |    44 |     5 ||    81
       Frozen Ramparts   |       |    21 |     9 ||    30
       Ozocubu's Armour  |       |     3 |     9 ||    12
  Use: Scroll            |       |     4 |       ||     4
       Potion            |       |       |     2 ||     2
 Stab: Sleeping          |     6 |     9 |       ||    15
       Distracted        |       |     1 |       ||     1
Armor: Robe              |    11 |    37 |    53 ||   101
       Skin              |       |       |    25 ||    25
Dodge: Dodged            |    36 |   128 |   111 ||   275
